 Dungeon Crawl Stone Soup version 0.25-a0-294-gea9b1ad378 (webtiles) character file.

Game seed: 15785415009216228009, levelgen mode: deterministic

211 MoonlitKnight the Chopper (level 5, -8/47 HPs)
             Began as a Hill Orc Fighter on Dec 17, 2019.
             Was an Initiate of Beogh.
             Killed from afar by an orc wizard (10 damage)
             ... with a puff of flame
             ... on level 4 of the Dungeon.
             The game lasted 00:05:39 (2399 turns).

MoonlitKnight the Chopper (Hill Orc Fighter)        Turns: 2399, Time: 00:05:40

Health: -8/47      AC: 14    Str: 20    XL:     5   Next: 88%
Magic:  5/5        EV:  3    Int: 13    God:    Beogh [......]
Gold:   160        SH:  9    Dex: 10    Spells: 4/4 levels left

rFire    . . .     SeeInvis .   a - +0 war axe
rCold    . . .     Gourm    .   c - +0 shield
rNeg     . . .     Faith    .   l - +0 plate armour (curse)
rPois    .         Spirit   .   r - +0 helmet
rElec    .         Reflect  .   x - +0 cloak
rCorr    .         Harm     .   (no gloves)
MR       .....                  (no boots)
Stlth    ..........             (no amulet)
HPRegen  0.15/turn              (no ring)
MPRegen  0.09/turn              (no ring)

@: brilliant
A: no striking features
a: Renounce Religion


You were on level 4 of the Dungeon.
You worshipped Beogh.
Beogh was noncommittal.
You were not hungry.

You visited 1 branch of the dungeon, and saw 4 of its levels.

You collected 160 gold pieces.

Inventory:

Hand Weapons
 a - a +0 war axe (weapon)
 p - a +0 club
Missiles
 j - 78 sling bullets
 w - 38 poisoned darts (quivered)
Armour
 c - a +0 shield (worn)
 l - a cursed +0 plate armour (worn)
 r - a +0 helmet (worn)
 x - a +0 cloak (worn)
Jewellery
 m - a cursed ring of teleportation {unknown}
 y - an uncursed ring of resist corrosion {unknown}
 B - an uncursed ring of fire {unknown}
Scrolls
 g - a scroll of remove curse {unknown}
 h - 9 scrolls of identify {unknown}
 i - a scroll of teleportation {unknown}
 q - 2 scrolls of random uselessness {unknown}
 s - a scroll of magic mapping {unknown}
 u - 2 scrolls of immolation {unknown}
 v - a scroll of fear {unknown}
 z - a scroll of amnesia {unknown}
Potions
 b - 2 potions of flight {unknown}
 d - a potion of might
 e - a potion of mutation {unknown}
 k - a potion of brilliance
 n - 2 potions of resistance {unknown}
 o - a potion of heal wounds {unknown}
 t - a potion of lignification {unknown}
 A - a potion of ambrosia {unknown}
Comestibles
 f - 5 rations


   Skills:
 + Level 4.6 Fighting
 * Level 5.3 Axes
 + Level 4.2 Armour
 + Level 4.2 Shields


You had 4 spell levels left.
You didn't know any spells.
Your spell library was empty.

Dungeon Overview and Level Annotations

Branches:
Dungeon (4/15)
 Temple: D:4-7

Altars:
Hepliaklqana
Qazlal
Xom
Yredelemnul


Message History

The puff of flame hits you but does no damage.
The orc wizard hits you with a +0 dagger.
* * * LOW HITPOINT WARNING * * *
The orc wizard hits you but does no damage.
You closely miss the orc wizard. You miss the orc.
The orc hits you with a cursed -1 mace.
* * * LOW HITPOINT WARNING * * *
The orc wizard hits you but does no damage.
You miss the orc wizard. You hit the orc. The orc hits you but does no damage.
The orc wizard points at you and mumbles some strange words.
The puff of flame hits you.
* * * LOW HITPOINT WARNING * * *
You feel less confused. The orc hits you but does no damage.
It was a potion of brilliance.
You feel clever all of a sudden. The orc wizard casts a spell at you.
The puff of flame hits you!
You die...
Beogh appreciates the orc wizard's killing of a heretic priest.

###.?...........#
#...##.....(...## .......
#...#.##### .##.##.###....#
# #........## #.
###.......# .. #.#..##.###
##..# #..#...#o..####.# .
..... ...(....@o.......#
#.#....##..####.......[....
#.#.......# #.........#..
#.....##.## #...........#
......##..#####.#..........
#..((..........#........
#....####......#........
##.....# #......#####....
#......# #......# ...


You could see an orc wizard and an orc.

Vanquished Creatures
  A crimson imp (D:4)
  A bullfrog skeleton (D:4)
  Jessica (D:2)
  Natasha (D:2)
  Robin (D:2)
  2 adders
  An ooze (D:2)
  2 worms
  2 leopard geckos
  4 orcs (D:3)
  3 giant cockroaches
  10 goblins (D:2)
  5 hobgoblins
  A quokka (D:3)
  3 bats
  7 frilled lizards
  5 kobolds
  4 rats
54 creatures vanquished.

Notes
Turn   | Place    | Note
-------+----------+-------------------------------------------
     0 | D:1      | MoonlitKnight the Hill Orc Fighter began the quest for the
                  | Orb.
     0 | D:1      | Reached XP level 1. HP: 19/19 MP: 1/1
    70 | D:1      | Reached skill level 3 in Axes
    82 | D:1      | Reached XP level 2. HP: 24/27 MP: 2/2
   641 | D:2      | Reached XP level 3. HP: 32/33 MP: 3/3
   706 | D:2      | Noticed Jessica
   722 | D:2      | Killed Jessica
   722 | D:2      | Reached skill level 4 in Axes
   753 | D:2      | Noticed Robin
   756 | D:2      | Reached XP level 4. HP: 40/40 MP: 4/4
   759 | D:2      | Killed Robin
  1139 | D:2      | Noticed Natasha
  1148 | D:2      | Killed Natasha
  1467 | D:3      | Found a basalt altar of Yredelemnul.
  1467 | D:3      | Found a shimmering altar of Xom.
  1488 | D:3      | Reached XP level 5. HP: 34/47 MP: 5/5
  2010 | D:3      | Found a hazy altar of Hepliaklqana.
  2055 | D:3      | Found a stormy altar of Qazlal.
  2265 | D:4      | Noticed an ogre
  2352 | D:4      | Reached skill level 5 in Axes
  2372 | D:4      | Became a worshipper of Beogh the Brigand
  2397 | D:4      | HP: 2/47 [orc wizard/puff of flame (4)]
  2399 | D:4      | Killed from afar by an orc wizard

Levels and vault maps discovered:
D:1:      psy_arrival_basics, layout_rooms
D:2:      layout_basic, uniq_robin, uniq_jessica, uniq_natasha
D:3:      layout_rooms, gammafunk_temple_overflow_forgotten, first_ration,
          roderic_lattice_a, grunt_qazlal_clouds
D:4:      layout_rooms, minmay_temple_entry_sparse_star

Skill      XL: |  1  2  3  4  5 |
---------------+----------------+-----
Axes           | 3 4 5 |  5.3
Fighting       | 4 |  4.6
Armour         | 4 |  4.2
Shields        | 4 |  4.2

Action                   |  1- 3 |  4- 6 || total
-------------------------+-------+-------++-------
Melee: War axe           |    71 |   136 ||   207
Invok: Convert to Beogh  |       |     1 ||     1
  Use: Potion            |       |     1 ||     1
  Eat: Chunk             |       |     5 ||     5
Armor: Scale mail        |     3 |       ||     3
       Plate armour      |    26 |   102 ||   128
Dodge: Dodged            |    12 |    16 ||    28
Block: Shield            |    39 |    71 ||   110

Table legend:
 A = Non-vault XP
 B = Vault XP
 C = Vault XP percentage of total XP
 D = Non-vault monster count
 E = Vault monster count
 F = Vault count percentage of total count
                 A         B        C        D         E       F
            +---------+---------+-------+---------+---------+-------
      Total |     193 |     109 |  36.1 |      41 |      13 |  24.1
            +---------+---------+-------+---------+---------+-------
        D:1 |      19 |       0 |   0.0 |      11 |       0 |   0.0
        D:2 |      24 |     109 |  82.0 |      11 |      13 |  54.2
        D:3 |      45 |       0 |   0.0 |      15 |       0 |   0.0
        D:4 |     105 |       0 |   0.0 |       4 |       0 |   0.0
            +---------+---------+-------+---------+---------+-------
